| TOP OF THE 1ST |
|
Colorado (EL) Rockies batting - Pitching for San Jose Giants : RHP Dan Post
|
|
Pitching: RHP Dan Post
|
|
|
Batting: RHB Matt Fabre
|
0-0: Ball 1-0: Ball 2-0: Ball 3-0: Foul Ball, location: 2F 3-1: Foul Ball, location: 2F 3-2: Base on Balls
|
|
Batting: LHB Eric Ludwig
|
0-0: Ball 1-0: Foul Ball, location: 2F 1-1: Called Strike 1-2: Ball 2-2: Ball 3-2: Strikes out swinging
|
|
Batting: LHB Zack Guillen
|
0-0: Foul Ball, location: 2F 0-1: Called Strike 0-2: Strikes out looking
|
|
Batting: RHB Ernest Olkowicz
|
0-0: Fielders Choice at 2nd, 6-4 (Groundball, 6, EV 91.2 MPH)
|
| Top of the 1st over - 0 runs, 0 hits, 0 errors, 1 left on base; Colorado (EL) 0 - San Jose 0 |
| BOTTOM OF THE 1ST |
|
San Jose Giants batting - Pitching for Colorado (EL) Rockies : RHP Mike Wilkins
|
|
Pitching: RHP Mike Wilkins
|
|
|
Batting: RHB Bill Defazio
|
0-0: Called Strike 0-1: Ball 1-1: Ball 2-1: Ground out U3 (Groundball, 3, EV 85.6 MPH)
|
|
Batting: LHB Juan Gonzalez
|
0-0: Ball 1-0: Swinging Strike 1-1: Swinging Strike 1-2: Strikes out swinging
|
|
Batting: RHB Yutaka Oki
|
0-0: Foul Ball, location: 2F 0-1: Fly out, F9 (Line Drive, 89S, EV 96.9 MPH)
|
| Bottom of the 1st over - 0 runs, 0 hits, 0 errors, 0 left on base; Colorado (EL) 0 - San Jose 0 |
| TOP OF THE 2ND |
|
Colorado (EL) Rockies batting - Pitching for San Jose Giants : RHP Dan Post
|
|
Batting: RHB Andy Solorzano
|
0-0: Called Strike 0-1: Foul Ball, location: 2F 0-2: Foul Ball, location: 2F 0-2: Ball 1-2: Strikes out looking
|
|
Batting: SHB Pete Perla
|
0-0: Foul Ball, location: 2F 0-1: Ball 1-1: Ball 2-1: Foul Ball, location: 2F 2-2: SINGLE (Line Drive, 89M, EV 85.6 MPH)
|
|
Batting: RHB Justin Pellman
|
0-0: Ball 1-0: Called Strike 1-1: SINGLE (Line Drive, 89S, EV 103.8 MPH) Pete Perla to second
|
|
Batting: RHB Nick Rang
|
0-0: Called Strike 0-1: Ball 1-1: SINGLE (Groundball, 56D, EV 96.2 MPH) Pete Perla to third Justin Pellman to second Runner from 3rd tries for Home, SAFE, throw by LF to home
|
|
Batting: SHB Malik Whitted
|
0-0: Ball 1-0: Ball 2-0: Fly out, F7 (Flyball, 78S, EV 91.9 MPH)
|
|
Batting: RHB Matt Fabre
|
0-0: Called Strike 0-1: Foul Ball, location: 2F 0-2: Strikes out swinging
|
| Top of the 2nd over - 1 run, 3 hits, 0 errors, 2 left on base; Colorado (EL) 1 - San Jose 0 |
| BOTTOM OF THE 2ND |
|
San Jose Giants batting - Pitching for Colorado (EL) Rockies : RHP Mike Wilkins
|
|
Batting: LHB Al Hernandez
|
0-0: Ball 1-0: Ball 2-0: Called Strike 2-1: Foul Ball, location: 2F 2-2: Strikes out swinging
|
|
Batting: LHB J.P. Olson
|
0-0: Ground out 4-3 (Groundball, 4S, EV 71.2 MPH)
|
|
Batting: RHB Nick Wicker
|
0-0: Called Strike 0-1: Ball 1-1: Ball 2-1: Fly out, F9 (Line Drive, 9, EV 97.5 MPH)
|
| Bottom of the 2nd over - 0 runs, 0 hits, 0 errors, 0 left on base; Colorado (EL) 1 - San Jose 0 |
| TOP OF THE 3RD |
|
Colorado (EL) Rockies batting - Pitching for San Jose Giants : RHP Dan Post
|
|
Batting: LHB Eric Ludwig
|
0-0: Ball 1-0: Called Strike 1-1: Swinging Strike 1-2: Ball 2-2: Strikes out swinging
|
|
Batting: LHB Zack Guillen
|
0-0: Swinging Strike 0-1: Foul Ball, location: 2F 0-2: Ball 1-2: Strikes out swinging
|
|
Batting: RHB Ernest Olkowicz
|
0-0: Called Strike 0-1: Swinging Strike 0-2: Foul Ball, location: 2F 0-2: Ball 1-2: Strikes out looking
|
| Top of the 3rd over - 0 runs, 0 hits, 0 errors, 0 left on base; Colorado (EL) 1 - San Jose 0 |
| BOTTOM OF THE 3RD |
|
San Jose Giants batting - Pitching for Colorado (EL) Rockies : RHP Mike Wilkins
|
|
Batting: LHB Gil Caraveo
|
0-0: Ball 1-0: Ball 2-0: Reached on error, E5 (Groundball, 56S, EV 67.5 MPH)
|
|
Batting: RHB Dinand Brouwer
|
Pickoff Play to 1st, Runner tries for 2nd, OUT after rundown. 0-0: Ground out 4-3 (Groundball, 4, EV 91.9 MPH)
|
|
Batting: RHB Gabe Ochoa
|
0-0: Ground out U3 (Groundball, 3L, EV 87.5 MPH)
|
| Bottom of the 3rd over - 0 runs, 0 hits, 1 error, 0 left on base; Colorado (EL) 1 - San Jose 0 |
| TOP OF THE 4TH |
|
Colorado (EL) Rockies batting - Pitching for San Jose Giants : RHP Dan Post
|
|
Batting: RHB Andy Solorzano
|
0-0: Foul Ball, location: 2F 0-1: Swinging Strike 0-2: Ball 1-2: Ball 2-2: Ball 3-2: SINGLE (Flyball, 9LS, EV 92.5 MPH)
|
|
Batting: SHB Pete Perla
|
0-0: Ball 1-0: Foul Ball, location: 2F 1-1: Ball 2-1: Ball 3-1: Fielders Choice at 2nd, 5-4 (Groundball, 56S, EV 85.0 MPH)
|
|
Batting: RHB Justin Pellman
|
0-0: Swinging Strike 0-1: Foul Ball, location: 2F 0-2: Ball 1-2: Ball 2-2: Strikes out looking
|
|
Batting: RHB Nick Rang
|
0-0: Ball 1-0: Ball 2-0: Called Strike 2-1: Ball Pete Perla steals 2nd base 3-1: Base on Balls
|
|
Batting: SHB Malik Whitted
|
0-0: Ball 1-0: Called Strike 1-1: Called Strike 1-2: Foul Ball, location: 2F 1-2: Ball 2-2: SINGLE (Groundball, 34D, EV 106.2 MPH) Pete Perla to third Nick Rang to second Runner from 3rd tries for Home, SAFE, throw by RF to home
|
|
Batting: RHB Matt Fabre
|
0-0: Ball 1-0: Ball 2-0: Ball 3-0: Called Strike 3-1: Foul Ball, location: 2F 3-2: Strikes out swinging
|
| Top of the 4th over - 1 run, 2 hits, 0 errors, 2 left on base; Colorado (EL) 2 - San Jose 0 |
| BOTTOM OF THE 4TH |
|
San Jose Giants batting - Pitching for Colorado (EL) Rockies : RHP Mike Wilkins
|
|
Batting: RHB Bill Defazio
|
0-0: Ball 1-0: Foul Ball, location: 2F 1-1: Fly out, F4 (Popup, 3S, EV 78.8 MPH)
|
|
Batting: LHB Juan Gonzalez
|
0-0: Called Strike 0-1: Called Strike 0-2: Ground out 5-3 (Groundball, 56, EV 93.8 MPH)
|
|
Batting: RHB Yutaka Oki
|
0-0: Swinging Strike 0-1: Fly out, F8 (Line Drive, 8RM, EV 91.2 MPH)
|
| Bottom of the 4th over - 0 runs, 0 hits, 0 errors, 0 left on base; Colorado (EL) 2 - San Jose 0 |
| TOP OF THE 5TH |
|
Colorado (EL) Rockies batting - Pitching for San Jose Giants : RHP Dan Post
|
|
Batting: LHB Eric Ludwig
|
0-0: Ball 1-0: Swinging Strike 1-1: SINGLE (Groundball, 3S, EV 64.4 MPH) (infield hit)
|
|
Batting: LHB Zack Guillen
|
0-0: Called Strike 0-1: Swinging Strike 0-2: Foul Ball, location: 2F 0-2: Foul Ball, location: 2F 0-2: Ball 1-2: Fielders Choice at 2nd, 4-6 (Groundball, 4, EV 87.5 MPH)
|
|
Pitching: RHP Brian Yinger
|
|
|
Batting: RHB Ernest Olkowicz
|
0-0: Ball 1-0: Ball 2-0: Ball 3-0: Called Strike 3-1: Base on Balls Zack Guillen to second
|
|
Batting: RHB Andy Solorzano
|
0-0: Ball 1-0: Foul Ball, location: 2F 1-1: Ball 2-1: Called Strike 2-2: Strikes out swinging
|
|
Batting: SHB Pete Perla
|
0-0: Ball 1-0: Swinging Strike 1-1: Ball 2-1: Foul Ball, location: 2F 2-2: Ball 3-2: Ground out 6-3 (Groundball, 56D, EV 83.8 MPH)
|
| Top of the 5th over - 0 runs, 1 hit, 0 errors, 2 left on base; Colorado (EL) 2 - San Jose 0 |
| BOTTOM OF THE 5TH |
|
San Jose Giants batting - Pitching for Colorado (EL) Rockies : RHP Mike Wilkins
|
|
Batting: LHB Al Hernandez
|
0-0: Ball 1-0: Ball 2-0: Ball 3-0: Called Strike 3-1: Fly out, F9 (Line Drive, 9S, EV 105.6 MPH)
|
|
Batting: LHB J.P. Olson
|
0-0: Ball 1-0: Foul Ball, location: 2F 1-1: Ground out U3 (Groundball, 3, EV 106.9 MPH)
|
|
Batting: RHB Nick Wicker
|
0-0: Foul Ball, location: 2F 0-1: Ball 1-1: Ball 2-1: Called Strike 2-2: Ground out 3-1 (Groundball, 13, EV 84.4 MPH)
|
| Bottom of the 5th over - 0 runs, 0 hits, 0 errors, 0 left on base; Colorado (EL) 2 - San Jose 0 |
| TOP OF THE 6TH |
|
Colorado (EL) Rockies batting - Pitching for San Jose Giants : RHP Brian Yinger
|
|
Batting: RHB Justin Pellman
|
0-0: Ball 1-0: Foul Ball, location: 2F 1-1: Ground out 5-3 (Groundball, 56, EV 101.2 MPH)
|
|
Batting: RHB Nick Rang
|
0-0: Called Strike 0-1: Ball 1-1: Called Strike 1-2: Ball 2-2: Strikes out swinging, 2-3 out at first.
|
|
Batting: SHB Malik Whitted
|
0-0: Foul Ball, location: 2F 0-1: Foul Ball, location: 2F 0-2: Foul Ball, location: 2F 0-2: Ball 1-2: Foul Ball, location: 2F 1-2: Ball 2-2: Foul Ball, location: 2F 2-2: Strikes out swinging
|
| Top of the 6th over - 0 runs, 0 hits, 0 errors, 0 left on base; Colorado (EL) 2 - San Jose 0 |
| BOTTOM OF THE 6TH |
|
San Jose Giants batting - Pitching for Colorado (EL) Rockies : RHP Mike Wilkins
|
|
Batting: LHB Gil Caraveo
|
0-0: Ball 1-0: Fly out, F8 (Flyball, 8RM, EV 91.2 MPH)
|
|
Batting: RHB Dinand Brouwer
|
0-0: Called Strike 0-1: Called Strike 0-2: Ball 1-2: Fly out, F9 (Flyball, 89S, EV 81.9 MPH)
|
|
Batting: RHB Gabe Ochoa
|
0-0: Foul Ball, location: 2F 0-1: Foul Ball, location: 2F 0-2: SINGLE (Groundball, 34D, EV 103.8 MPH)
|
|
Batting: RHB Bill Defazio
|
0-0: Called Strike 0-1: Ball 1-1: SINGLE (Line Drive, 8LS, EV 90.0 MPH) Gabe Ochoa to second Runner from 2nd tries for 3rd, OUT! 8-5
|
| Bottom of the 6th over - 0 runs, 2 hits, 0 errors, 1 left on base; Colorado (EL) 2 - San Jose 0 |
| TOP OF THE 7TH |
|
Colorado (EL) Rockies batting - Pitching for San Jose Giants : RHP Brian Yinger
|
|
Pitching: RHP Nate Heideman
|
|
|
Batting: RHB Matt Fabre
|
0-0: Called Strike 0-1: SINGLE (Groundball, 34D, EV 103.8 MPH)
|
|
Batting: LHB Eric Ludwig
|
0-0: Sac Bunt to 23 - play at first, batter OUT! 3-4 Matt Fabre to second
|
|
Batting: LHB Zack Guillen
|
0-0: Intentional Walk
|
|
Batting: RHB Ernest Olkowicz
|
0-0: Called Strike 0-1: Swinging Strike 0-2: Strikes out swinging
|
|
Batting: RHB Andy Solorzano
|
0-0: Called Strike 0-1: Swinging Strike 0-2: Strikes out looking
|
| Top of the 7th over - 0 runs, 1 hit, 0 errors, 2 left on base; Colorado (EL) 2 - San Jose 0 |
| BOTTOM OF THE 7TH |
|
San Jose Giants batting - Pitching for Colorado (EL) Rockies : RHP Mike Wilkins
|
|
Batting: LHB Juan Gonzalez
|
0-0: Foul Ball, location: 2F 0-1: Ball 1-1: Foul Ball, location: 2F 1-2: Strikes out swinging
|
|
Batting: RHB Yutaka Oki
|
0-0: SINGLE (Line Drive, 8RS, EV 86.9 MPH)
|
|
Batting: LHB Al Hernandez
|
0-0: DOUBLE (Groundball, 3L, EV 105.0 MPH) Yutaka Oki to third Runner from 3rd tries for Home, SAFE, throw by RF to home
|
|
Batting: LHB J.P. Olson
|
0-0: Ball 1-0: Ball 2-0: Called Strike 2-1: Ball 3-1: Base on Balls
|
|
Batting: RHB Nick Wicker
|
0-0: TRIPLE (Line Drive, 8LXD, EV 113.1 MPH) Al Hernandez scores J.P. Olson scores
|
|
Batting: LHB Gil Caraveo
|
0-0: Intentional Walk
|
|
Batting: RHB Dinand Brouwer
|
0-0: Called Strike Gil Caraveo steals 2nd base (no throw) 0-1: Ball 1-1: Intentional Walk
|
|
Batting: RHB Gabe Ochoa
|
0-0: Swinging Strike 0-1: Ball 1-1: Reached on error, E6 (Groundball, 6, EV 83.1 MPH) Nick Wicker scores Gil Caraveo to third Dinand Brouwer to second
|
|
Batting: RHB Bill Defazio
|
0-0: Ball 1-0: Foul Ball, location: 2F 1-1: SINGLE (Groundball, 34D, EV 96.2 MPH) Gil Caraveo scores Dinand Brouwer to third Gabe Ochoa to second Runner from 3rd tries for Home, throw by RF and OUT! 9-2
|
|
Pitching: LHP Andy Silveira
|
|
|
Batting: LHB Juan Gonzalez
|
0-0: Ball 1-0: Called Strike 1-1: Ball 2-1: Swinging Strike 2-2: Ball 3-2: Foul Ball, location: 2F 3-2: Foul Ball, location: 2F 3-2: Base on Balls Gabe Ochoa to third Bill Defazio to second
|
|
Batting: RHB Yutaka Oki
|
0-0: Ball 1-0: Fielders Choice at 2nd, 5-4 (Groundball, 56, EV 83.1 MPH)
|
| Bottom of the 7th over - 5 runs, 4 hits, 1 error, 3 left on base; Colorado (EL) 2 - San Jose 5 |
| TOP OF THE 8TH |
|
Colorado (EL) Rockies batting - Pitching for San Jose Giants : RHP Nate Heideman
|
|
Pitching: RHP Takashi Kino
|
|
|
Batting: SHB Pete Perla
|
0-0: Ball 1-0: Reached on error, E3 (Groundball, 34, EV 88.8 MPH)
|
|
Batting: RHB Justin Pellman
|
0-0: Called Strike 0-1: Called Strike 0-2: Ball 1-2: Strikes out looking
|
|
Batting: RHB Nick Rang
|
0-0: Fly out, F8 (Flyball, 8LXD, EV 106.9 MPH)
|
|
Batting: SHB Malik Whitted
|
0-0: Ball 1-0: SINGLE (Line Drive, 8RS, EV 99.4 MPH) Pete Perla to second
|
|
Batting: RHB Matt Fabre
|
0-0: Ball 1-0: Called Strike 1-1: Ball 2-1: Foul Ball, location: 2F 2-2: Ball 3-2: Ground out 2-3 (Groundball, 15S, EV 71.2 MPH)
|
| Top of the 8th over - 0 runs, 1 hit, 1 error, 2 left on base; Colorado (EL) 2 - San Jose 5 |
| BOTTOM OF THE 8TH |
|
San Jose Giants batting - Pitching for Colorado (EL) Rockies : LHP Andy Silveira
|
|
Batting: LHB Al Hernandez
|
0-0: Ball 1-0: Fly out, F8 (Flyball, 8RXD, EV 85.6 MPH)
|
|
Batting: LHB J.P. Olson
|
0-0: Ball 1-0: Foul Ball, location: 2F 1-1: Ball 2-1: Called Strike 2-2: Foul Ball, location: 2F 2-2: Strikes out swinging
|
|
Batting: RHB Nick Wicker
|
0-0: Ball 1-0: Ball 2-0: Ball 3-0: Base on Balls
|
|
Batting: LHB Gil Caraveo
|
0-0: Ball Nick Wicker steals 2nd, throwing error, E2 Nick Wicker to third 1-0: Foul Ball, location: 2F 1-1: SINGLE (Groundball, 6S, EV 65.0 MPH) (infield hit) Nick Wicker scores
|
|
Batting: RHB Dinand Brouwer
|
0-0: Called Strike 0-1: Ball 1-1: Ball 2-1: Ball 3-1: Base on Balls Gil Caraveo to second
|
|
Batting: RHB Gabe Ochoa
|
0-0: Ball 1-0: Ground out 5-3 (Groundball, 56, EV 103.8 MPH)
|
| Bottom of the 8th over - 1 run, 1 hit, 1 error, 2 left on base; Colorado (EL) 2 - San Jose 6 |
| TOP OF THE 9TH |
|
Colorado (EL) Rockies batting - Pitching for San Jose Giants : RHP Takashi Kino
|
|
Batting: LHB Eric Ludwig
|
0-0: Ball 1-0: Called Strike 1-1: Foul Ball, location: 2F 1-2: Ground out 4-3 (Groundball, 4, EV 108.8 MPH)
|
|
Batting: LHB Zack Guillen
|
0-0: Foul Ball, location: 2F 0-1: SOLO HOME RUN (Flyball, 89XD, EV 110.0 MPH), Distance : 417 ft
|
|
Batting: RHB Ernest Olkowicz
|
0-0: Foul Ball, location: 2F 0-1: Foul Ball, location: 2F 0-2: Foul Ball, location: 2F 0-2: Strikes out swinging
|
|
Batting: RHB Andy Solorzano
|
0-0: Ball 1-0: Called Strike 1-1: Called Strike 1-2: Foul Ball, location: 2F 1-2: Fly out, F7 (Flyball, 7D, EV 99.4 MPH)
|
| Top of the 9th over - 1 run, 1 hit, 0 errors, 0 left on base; Colorado (EL) 3 - San Jose 6 |
|